 Dungeon Crawl Stone Soup version 0.20.1-1-g8b1a95d (webtiles) character file.

168 QuCean the Chopper (level 5, -3/47 HPs)
             Began as a Minotaur Fighter on Oct 11, 2017.
             Slain by a sky beast (5 damage)
             ... on level 5 of the Dungeon.
             The game lasted 00:11:01 (2344 turns).

QuCean the Chopper (Minotaur Fighter)               Turns: 2344, Time: 00:11:02

Health: -3/47      AC:  7    Str: 21    XL:     5   Next: 23%
Magic:  4/4        EV:  8    Int:  5    God:
Gold:   190        SH:  9    Dex: 10    Spells: 4/4 levels left

rFire    . . .     SeeInvis .   a - +0 war axe
rCold    . . .     Gourm    .   c - +0 shield
rNeg     . . .     Faith    .   b - +0 scale mail
rPois    .         Spirit   .   (helmet restricted)
rElec    .         Reflect  .   (no cloak)
rCorr    .         Harm     .   (no gloves)
MR       .....                  (no boots)
Stlth    ..........             (no amulet)
Regen    0.2/turn               (no ring)
MPRegen  0.1/turn               (no ring)

@: no status effects
A: retaliatory headbutt, horns 2
a: no special abilities


You were on level 5 of the Dungeon.
You were not hungry.

You visited 1 branch of the dungeon, and saw 5 of its levels.

You collected 190 gold pieces.

Inventory:

Hand Weapons
 a - a +0 war axe (weapon)
 r - a +2 spear of venom
 u - a +0 flail of protection
Armour
 b - a +0 scale mail (worn)
 c - a +0 shield (worn)
Magical Staves
 v - an uncursed staff of death {unknown}
Jewellery
 t - an uncursed amulet of magic regeneration {unknown}
Scrolls
 m - a scroll of recharging
 n - a scroll of blinking {unknown}
 o - a scroll of enchant armour {unknown}
 p - 3 scrolls of remove curse {unknown}
 q - a scroll of fog {unknown}
 s - a scroll of enchant weapon {unknown}
 w - a scroll of teleportation {unknown}
 x - a scroll of identify
Potions
 d - a potion of might
 e - 6 potions of heal wounds
 i - a potion of ambrosia {unknown}
 j - a potion of haste {unknown}
 k - 2 potions of brilliance {unknown}
Comestibles
 f - a bread ration
 g - 3 royal jellies
 h - 3 meat rations
 l - 4 fruits


   Skills:
 + Level 4.4 Fighting
 + Level 4.6 Axes
 + Level 4.3 Armour
 + Level 0.9 Dodging
 + Level 0.3 Stealth
 + Level 4.4 Shields


You had 4 spell levels left.
You didn't know any spells.

Dungeon Overview and Level Annotations

Branches:
Dungeon (5/15)
 Temple: D:4-7

Altars:


Innate Abilities, Weirdness & Mutations

You reflexively headbutt those who attack you in melee.
You have a pair of horns on your head.


Message History

You closely miss the sky beast.
The sky beast is heavily wounded.
The sky beast hits you. The sky beast shocks you. The sky beast hits you.
The sky beast shocks you.
* * * LOW HITPOINT WARNING * * *
You hit the sky beast. Your headbutt misses the sky beast.
The sky beast is severely wounded.
The sky beast flickers out of sight!
Deactivating autopickup; reactivate with Ctrl-A.
Something hits you but does no damage.
Your shield prevents you from hitting something.
Your headbutt misses something. Something hits you.
* * * LOW HITPOINT WARNING * * *
Something shocks you.
* * * LOW HITPOINT WARNING * * *
Something hits you but does no damage.
You miss something. Something hits you.
* * * LOW HITPOINT WARNING * * *
Something shocks you.
You die...

# .###. #
.....# ###.#
#...%####....#
#.##......#
#.....<{@.#
#.#######..#
#?... #..##
.!# .# #


There were no monsters in sight!

Vanquished Creatures
  A crocodile (D:4)
  4 adders
  An ooze (D:1)
  A worm (D:3)
  2 dart slugs
  A leopard gecko (D:2)
  2 orcs
  2 giant cockroaches (D:2)
  6 goblins
  A hobgoblin (D:1)
  4 jackals (D:2)
  A quokka (D:2)
  A ball python (D:1)
  8 bats
  3 frilled lizards
  10 kobolds
  7 rats
55 creatures vanquished.

Notes
Turn   | Place    | Note
-------+----------+-------------------------------------------
     0 | D:1      | QuCean the Minotaur Fighter began the quest for the Orb.
     0 | D:1      | Reached XP level 1. HP: 19/19 MP: 0/0
   260 | D:1      | Reached XP level 2. HP: 24/27 MP: 1/1
   877 | D:2      | Reached XP level 3. HP: 29/33 MP: 2/2
  1464 | D:3      | Reached XP level 4. HP: 40/40 MP: 3/3
  2061 | D:4      | Noticed a crocodile
  2074 | D:4      | Killed a crocodile
  2074 | D:4      | Reached XP level 5. HP: 20/47 MP: 4/4
  2283 | D:4      | Noticed a sky beast
  2332 | D:5      | Entered Level 5 of the Dungeon
  2344 | D:5      | HP: 2/47 [something (2)]
  2344 | D:5      | Slain by a sky beast

Skill      XL: |  1  2  3  4 |
---------------+-------------+-----
Fighting       | 4 |  4.4
Shields        | 4 |  4.4
Axes           | 3 4 |  4.6
Armour         | 4 |  4.3
Dodging        | |  0.9
Stealth        | |  0.3

Action                   |  1- 3 |  4- 6 || total
-------------------------+-------+-------++-------
Melee: War axe           |    98 |    31 ||   129
       Headbutt          |     8 |     4 ||    12
  Use: Scroll            |     4 |       ||     4
  Eat: Chunk             |     2 |     1 ||     3
       Bread ration      |       |     1 ||     1
Armor: Scale mail        |    55 |    18 ||    73
Dodge: Dodged            |    48 |    18 ||    66
Block: Shield            |    58 |    21 ||    79
